 Dungeon Crawl Stone Soup version 0.23.2-40-g277498a001 (webtiles) character file.

Game seed: 6792031890616785626

58 BeastOfSaturn the Sneak (level 3, 0/27 HPs)
             Began as a Demonspawn Assassin on Oct 7, 2019.
             Slain by Sigmund
             ... wielding a +0 scythe
              (6 damage)
             ... on level 2 of the Dungeon.
             The game lasted 00:08:04 (1520 turns).

BeastOfSaturn the Sneak (Demonspawn Assassin)       Turns: 1520, Time: 00:08:04

Health: 0/27       AC:  6    Str: 11    XL:     3   Next: 75%
Magic:  3/3        EV: 11    Int: 12    God:
Gold:   118        SH:  0    Dex: 15    Spells: 2/2 levels left

rFire    . . .     SeeInvis .   a - +2 dagger
rCold    . . .     Gourm    .   (no shield)
rNeg     . . .     Faith    .   o - +0 ring mail
rPois    .         Spirit   .   (helmet restricted)
rElec    .         Reflect  .   d - +0 cloak
rCorr    .         Harm     .   (no gloves)
MR       .....                  (no boots)
Stlth    +.........             (no amulet)
HPRegen  0.09/turn              (no ring)
MPRegen  0.08/turn              (no ring)

@: confused
A: horns 1
a: no special abilities


You were on level 2 of the Dungeon.
You were not hungry.

You visited 1 branch of the dungeon, and saw 2 of its levels.

You collected 118 gold pieces.

Inventory:

Hand Weapons
 a - a +2 dagger (weapon)
 b - a +0 blowgun
Missiles
 e - 16 poisoned needles
 f - 2 curare-tipped needles
 h - 4 tomahawks (quivered)
Armour
 c - a +0 robe
 d - a +0 cloak (worn)
 o - a +0 ring mail (worn)
Jewellery
 l - a cursed ring of teleportation {unknown}
Scrolls
 i - 2 scrolls of identify {unknown}
 j - a scroll of remove curse {unknown}
 k - a scroll of teleportation {unknown}
 n - 2 scrolls of blinking {unknown}
 p - a scroll of amnesia {unknown}
Potions
 m - 2 potions of heal wounds {unknown}
Comestibles
 g - 2 rations
 q - 3 chunks of flesh


   Skills:
 - Level 2.0 Fighting
 * Level 2.4 Short Blades
 - Level 1.7 Throwing
 + Level 0.3 Armour
 * Level 1.7 Dodging
 + Level 4.3 Stealth


You had 2 spell levels left.
You didn't know any spells.
Your spell library was empty.

Dungeon Overview and Level Annotations

Branches:
Dungeon (2/15)

Altars:

Annotations:
D:2 Sigmund


Innate Abilities, Weirdness & Mutations

You have a pair of small horns on your head.


Message History

Sigmund gestures at you while chanting. The magic dart hits you.
* * * LOW HITPOINT WARNING * * *
Sigmund gestures at you while chanting.
You are confused.
Sigmund points at you and mumbles some strange words.
You are more confused.
You see here a jackal skeleton.
You bump into the rock wall.
You bump into the rock wall.
You feel less confused.
Sigmund screams, "Die, monster!"
Sigmund casts a spell at you.
You are confused.
You bump into the rock wall.
You're too confused to move!
You bump into the rock wall.
Sigmund closely misses you.
You're too confused to move!
Sigmund hits you from afar with a +0 scythe.
You die...

#... #...# #...@#.##......####
#... ##### #....#.##..........
#... ####@#.##......#### #...
###.#.#...........
#...#.#.########## #.###.#.#
#@# #.#.# #.###.#.# #@..#.#.#
#####.#.#.# #.....#.#†#
###########.#####.#.#
#.................#.#
#.########.########.##########
#.# #.# #........... #.# #.#
############ #.########.# #<##


You could see Sigmund.

Vanquished Creatures
  An adder (D:2)
  2 worms (D:2)
  A dart slug (D:2)
  A leopard gecko (D:1)
  4 bats (D:2)
  2 giant cockroaches
  2 goblins
  7 hobgoblins
  7 jackals
  2 kobolds
  3 frilled lizards
  4 rats
36 creatures vanquished.

Notes
Turn   | Place    | Note
-------+----------+-------------------------------------------
     0 | D:1      | BeastOfSaturn the Demonspawn Assassin began the quest for
                  | the Orb.
     0 | D:1      | Reached XP level 1. HP: 16/16 MP: 1/1
   227 | D:1      | Reached skill level 1 in Dodging
   318 | D:1      | Gained mutation: You have a pair of small horns on your
                  | head. [demonic ancestry]
   318 | D:1      | Reached XP level 2. HP: 22/22 MP: 2/2
   408 | D:1      | Reached skill level 4 in Stealth
   662 | D:1      | Reached XP level 3. HP: 18/27 MP: 3/3
  1452 | D:2      | Noticed Sigmund
  1520 | D:2      | Slain by Sigmund

Skill      XL: |  1  2 |
---------------+-------+-----
Dodging        | 1 |  1.7
Short Blades   | 2 |  2.4
Stealth        | 4 |  4.3
Fighting       | |  2.0
Throwing       | |  1.7
Armour         | |  0.3

Action                   || total
-------------------------++-------
Melee: Dagger            ||   106
       Headbutt          ||    12
Throw: Tomahawk          ||     2
 Stab: Sleeping          ||     6
  Eat: Ration            ||     1
Armor: Ring mail         ||    57
Dodge: Dodged            ||    87
